 Dungeon Crawl Stone Soup version 0.23.2-40-g277498a001 (webtiles) character file.

Game seed: 9285202255060451457

665 Marnok the Slasher (level 7, -3/54 HPs)
             Began as a Minotaur Fighter on Oct 3, 2019.
             Killed from afar by makkenr95's ghost (9 damage)
             ... with a magic dart
             ... on level 4 of the Dungeon.
             The game lasted 00:13:10 (3762 turns).

Marnok the Slasher (Minotaur Fighter)               Turns: 3762, Time: 00:13:10

Health: -3/54      AC:  7    Str: 23    XL:     7   Next: 31%
Magic:  6/6        EV:  9    Int:  9    God:
Gold:   240        SH: 10    Dex:  9    Spells: 6/6 levels left

rFire    . . .     SeeInvis .   a - +0 long sword
rCold    . . .     Gourm    .   c - +0 shield
rNeg     . . .     Faith    .   b - +0 scale mail
rPois    .         Spirit   .   (helmet restricted)
rElec    .         Reflect  .   (no cloak)
rCorr    .         Harm     .   (no gloves)
MR       .....                  (no boots)
Stlth    +.........             (no amulet)
HPRegen  0.18/turn              g - ring of stealth
MPRegen  0.10/turn              (no ring)

@: no status effects
A: retaliatory headbutt, fangs 1, horns 2, clever 2, frail 1
a: no special abilities


You were on level 4 of the Dungeon.
You were not hungry.

You visited 1 branch of the dungeon, and saw 6 of its levels.
You also visited: Sewer.

You collected 240 gold pieces.

Inventory:

Hand Weapons
 a - a +0 long sword (weapon)
 d - a +2 whip of flaming
 e - a +1 vampiric spear
 k - a +2 hunting sling of velocity
 n - a +3 dagger
 p - a +0 dagger of freezing
Missiles
 l - 125 stones (quivered)
Armour
 b - a +0 scale mail (worn)
 c - a +0 shield (worn)
Jewellery
 g - a ring of stealth (left hand)
Wands
 r - a wand of acid (9)
 u - a wand of clouds (6)
Scrolls
 o - 2 scrolls of amnesia {unknown}
 s - a scroll of fog {unknown}
 x - 2 scrolls of blinking {unknown}
Potions
 h - a potion of curing
 i - 2 potions of haste
 j - a potion of flight
 m - 2 potions of magic
 q - a potion of resistance {unknown}
 t - a potion of berserk rage {unknown}
 w - a potion of mutation
Comestibles
 f - 9 rations
 v - a chunk of flesh


   Skills:
 + Level 5.1 Fighting
 + Level 5.9 Long Blades
 + Level 5.5 Armour
 + Level 2.7 Dodging
 + Level 0.4 Stealth
 + Level 5.4 Shields


You had 6 spell levels left.
You didn't know any spells.
Your spell library was empty.

Dungeon Overview and Level Annotations

Branches:
Dungeon (6/15)
 Temple: D:4-7

Altars:
Elyvilon

Annotations:
D:4 makkenr95's ghost, amateur TrWz


Innate Abilities, Weirdness & Mutations

You reflexively headbutt those who attack you in melee.
You have a pair of horns on your head.
You have very sharp teeth.
Your mind is very acute. (Int +4)
You are frail. (-10% HP)


Message History

The magic dart hits you.
* * * LOW HITPOINT WARNING * * *
Okay, then.
You feel better. The hornet zombie barely misses you.
You riposte.
You slash the hornet zombie! You headbutt the hornet zombie.
You bite the hornet zombie, but do no damage.
The hornet zombie is heavily damaged.
Makkenr95's ghost points at you and mumbles some strange words.
The magic dart hits you.
* * * LOW HITPOINT WARNING * * *
The hornet zombie hits you.
* * * LOW HITPOINT WARNING * * *
You hit the hornet zombie but do no damage.
Your headbutt misses the hornet zombie.
The hornet zombie is heavily damaged.
The hornet zombie hits you but does no damage.
Makkenr95's ghost barely misses you.
Makkenr95's ghost gestures at you while chanting.
The magic dart hits you!
You die...

#.# .!..... #. #.#
##.....## #. #.#
#$......# #. #.#
###'''### #. #.#
#.......# #. #.#
##.#W#### #. #.# ##Z..#
#. #.# #..### #. #.#
##@############# #. #.#
#..............# #. #.#
#..###########.# #. #.#
######>..##########.####
#.#
#.......................
#.#
#.####.#.##########.####
#.#######.# #.#.#
#####...##
#...[.....####.#.#
#........#
############..<#<#
#.#####..#


You could see makkenr95's ghost and a hornet zombie.

Vanquished Creatures
  An ogre (D:4)
  A big kobold (Sewer)
  A centaur zombie (D:4)
  A hound (D:4)
  An orc priest (D:3)
  A bullfrog skeleton (D:4)
  An orc wizard (D:3)
  Natasha (thrice) (D:3)
  A hound skeleton (D:4)
  A worker ant zombie (D:4)
  7 adders
  4 river rats
  2 oozes
  6 worms
  4 dart slugs
  5 leopard geckos
  13 orcs
  A ball python (D:1)
  10 bats
  6 giant cockroaches
  7 goblins
  16 hobgoblins
  9 jackals
  10 kobolds
  6 quokkas
  6 frilled lizards
  8 rats
132 creatures vanquished.

Notes
Turn   | Place    | Note
-------+----------+-------------------------------------------
     0 | D:1      | Marnok the Minotaur Fighter began the quest for the Orb.
     0 | D:1      | Reached XP level 1. HP: 19/19 MP: 0/0
    64 | D:1      | Reached XP level 2. HP: 20/27 MP: 1/1
   565 | D:1      | Reached XP level 3. HP: 33/33 MP: 2/2
  1017 | D:3      | Noticed Natasha
  1021 | D:3      | Reached skill level 1 in Dodging
  1021 | D:3      | Reached XP level 4. HP: 37/40 MP: 3/3
  1030 | D:3      | Killed Natasha
  1073 | D:3      | Found a glowing drain.
  1085 | Sewer    | Entered a sewer
  1376 | Sewer    | Noticed a big kobold
  1389 | Sewer    | Killed a big kobold
  1389 | Sewer    | Reached XP level 5. HP: 40/46 MP: 4/4
  1422 | Sewer    | Found a glowing silver altar of Zin.
  2115 | D:2      | Reached skill level 5 in Armour
  2444 | D:3      | Reached XP level 6. HP: 53/53 MP: 5/5
  2498 | D:3      | Noticed Natasha
  2506 | D:3      | Killed Natasha
  2506 | D:3      | Reached skill level 5 in Shields
  2773 | D:3      | Noticed Natasha
  2777 | D:3      | Killed Natasha
  2794 | D:3      | Found a faded altar of an unknown god.
  2824 | D:3      | Found a white marble altar of Elyvilon.
  3235 | D:4      | Reached skill level 5 in Long Blades
  3240 | D:4      | Reached XP level 7. HP: 47/60 MP: 6/6
  3314 | D:4      | Found a runed translucent gate.
  3314 | D:4      | Found a runed translucent gate.
  3315 | D:4      | Found a runed translucent gate.
  3318 | D:5      | Entered Level 5 of the Dungeon
  3381 | D:4      | Reached skill level 5 in Fighting
  3740 | D:4      | Noticed makkenr95's ghost (amateur TrWz)
  3753 | D:4      | Gained mutation: Your mind is acute. (Int +2) [potion of
                  | mutation]
  3753 | D:4      | Gained mutation: Your mind is very acute. (Int +4) [potion
                  | of mutation]
  3753 | D:4      | Gained mutation: You are frail. (-10% HP) [potion of
                  | mutation]
  3753 | D:4      | Gained mutation: You have very sharp teeth. [potion of
                  | mutation]
  3762 | D:4      | Killed from afar by makkenr95's ghost

Skill      XL: |  1  2  3  4  5  6  7 |
---------------+----------------------+-----
Shields        | 4 5 |  5.4
Armour         | 4 5 |  5.5
Fighting       | 4 5 |  5.1
Long Blades    | 3 4 5 |  5.9
Dodging        | 1 2 |  2.7
Stealth        | |  0.4

Action                   |  1- 3 |  4- 6 |  7- 9 || total
-------------------------+-------+-------+-------++-------
Melee: Long sword        |    98 |   212 |    53 ||   363
       Headbutt          |    18 |    35 |    18 ||    71
       Bite              |       |       |     1 ||     1
  Use: Scroll            |     5 |     1 |     2 ||     8
       Potion            |     1 |     3 |     3 ||     7
  Eat: Chunk             |     1 |     7 |     2 ||    10
Armor: Scale mail        |    61 |    84 |    19 ||   164
       Skin              |       |     4 |       ||     4
Dodge: Dodged            |    39 |    55 |    22 ||   116
Block: Shield            |    63 |   119 |    37 ||   219
       Rpst.: Long sword |    11 |    15 |     6 ||    32
